 Dungeon Crawl Stone Soup version 0.21.1-1-g345015fe64 (webtiles) character file.

6445 waar the Grappler (level 10, -8/147 HPs)
             Began as a Troll Berserker on June 11, 2018.
             Was a High Priest of Trog.
             Mangled by Grum
             ... wielding a +1 spear
              (12 damage)
             ... on level 9 of the Dungeon.
             The game lasted 00:44:37 (6519 turns).

waar the Grappler (Troll Berserker)                 Turns: 6519, Time: 00:44:37

Health: -8/147     AC:  5    Str: 32    XL:     10   Next: 67%
Magic:  9/9        EV: 13    Int:  3    God:    Trog [*****.]
Gold:   556        SH:  0    Dex: 12    Spells: 9/9 levels left

rFire    . . .     SeeInvis .     - Unarmed
rCold    . . .     Gourm    +   (no shield)
rNeg     + . .     Faith    .   y - +0 robe {MR+}
rPois    .         Spirit   .   (helmet restricted)
rElec    .         Reflect  .   (no cloak)
rCorr    .         Harm     .   (gloves unavailable)
MR       +++..                  (boots unavailable)
Stlth    ..........             (no amulet)
HPRegen  1.74/turn              d - ring of positive energy
MPRegen  0.11/turn              j - ring of stealth

@: berserking, regenerating, very quick
A: large, unfitting armour, claws 3, fast metabolism 3, gourmand, regeneration
1, shaggy fur 1, tough skin 2
a: Berserk, Trog's Hand, Brothers in Arms, Burn Spellbooks, Renounce Religion


You were on level 9 of the Dungeon.
You worshipped Trog.
Trog was extremely pleased with you.
You were very full.

You visited 2 branches of the dungeon, and saw 10 of its levels.

You collected 556 gold pieces.

Inventory:

Missiles
 c - 255 stones (quivered)
 m - 3 needles of confusion
 p - 7 tomahawks
 D - 2 exploding tomahawks
Armour
 y - a +0 robe of magic resistance (worn)
Jewellery
 d - a ring of positive energy (left claw)
 i - an uncursed ring of magical power
 j - a ring of stealth (right claw)
Wands
 g - a wand of flame (18)
 u - a wand of polymorph (17)
 w - a wand of paralysis (8)
Scrolls
 a - a scroll of immolation {unknown}
 l - 4 scrolls of identify
 n - a scroll of fog
 q - a scroll of magic mapping {unknown}
 s - 3 scrolls of enchant armour {unknown}
 t - 3 scrolls of teleportation
 x - 3 scrolls of enchant weapon
 F - 3 scrolls of fear {unknown}
 H - a scroll of remove curse
Potions
 e - 5 potions of curing
 f - 2 potions of haste
 h - a potion of might
 k - 2 potions of flight
 o - 2 potions of lignification {unknown}
 r - 2 potions of cancellation {unknown}
 v - a potion of agility {unknown}
 z - a potion of heal wounds {unknown}
 A - a potion of mutation {unknown}
 B - a potion of brilliance {unknown}
 C - a potion of resistance {unknown}
 G - a potion of ambrosia {unknown}
Comestibles
 b - 19 rations
 E - 11 chunks of flesh


   Skills:
 * Level 6.1 Fighting
 - Level 3.0 Throwing
 * Level 7.0 Dodging
 - Level 1.0 Stealth
 + Level 12.0 Unarmed Combat


You had 9 spell levels left.
You didn't know any spells.

Dungeon Overview and Level Annotations

Branches:
Dungeon (9/15)             Temple (1/1) D:4            Lair (0/6) D:9
    Orc: D:9-12

Altars:
Ashenzari
Cheibriados
Dithmenos
Elyvilon
Fedhas
Gozag
Hepliaklqana
Kikubaaqudgha
Makhleb
Nemelex Xobeh
Okawaru
Qazlal
Ru
Sif Muna
Trog
Uskayaw
Vehumet
Wu Jian
Xom
Yredelemnul
Zin
The Shining One

Shops:
D:5 (

Annotations:
D:9 Grum


Innate Abilities, Weirdness & Mutations

You are too large for most types of armour.
You have claws for hands.
Your metabolism is lightning-fast.
You like to eat raw meat.
Your natural rate of healing is unusually fast.
You are covered in fur. (AC +1)
You have very tough skin. (AC +2)


Message History

You mangle the wolf!!
The wolf is almost dead.
The wolf bites you but does no damage. The wolf closely misses you.
You claw the wolf!
You kill the wolf!
Trog accepts your kill.
Grum hits you from afar with an enchanted spear!
* * * LOW HITPOINT WARNING * * *
The yak gores you.
* * * LOW HITPOINT WARNING * * *
The wolf closely misses you.
You claw the wolf!
The wolf is heavily wounded.
The wolf barely misses you.
You mangle the wolf!!
You kill the wolf!
Trog accepts your kill.
Your Dodging skill increases to level 7!
Grum hits you from afar with an enchanted spear!
You die...

.#.....## #. ........#
## ..#.....# ####.
........# ##....
.......## #......
..P#...# ....###
...##.###### ...#
...........############.
...
..#...........h†@Y......
..
..#.#######...YY##g.....
.##..#####.....Y..####..
###>.................
####..................
.....................(
......######.....#####
.......## ##.####
........##


You could see Grum, 4 yaks and a wolf.

Vanquished Creatures
  The ghost of zuik the Basher, a novice GrBe of Trog (D:7)
  A hippogriff (D:9)
  6 yaks (D:9)
  Sigmund (D:3)
  2 hungry ghosts (D:9)
  3 porcupines (D:9)
  A water moccasin (D:8)
  An orc warrior (D:7)
  4 ice beasts
  A sky beast (D:5)
  6 ogres
  5 centaurs
  2 wolves (D:9)
  The ghost of chorionicmirror the Basher, an amateur GnWn of Qazlal (D:3)
  2 crocodiles (D:9)
  3 bullfrogs
  A wyvern skeleton (D:9)
  A scorpion (D:6)
  3 wights (D:9)
  6 howler monkeys
  6 crimson imps
  A quasit (D:7)
  A bullfrog zombie (D:7)
  2 centaur zombies (D:5)
  6 hounds
  A jelly (D:7)
  5 bullfrog skeletons
  2 centaur skeletons
  3 orc priests
  8 orc wizards
  Terence (D:2)
  An iguana (D:7)
  5 worker ants
  A killer bee zombie (D:8)
  A hound skeleton (D:7)
  A howler monkey zombie (D:9)
  2 worker ant zombies
  13 adders
  4 shadow imps
  3 oozes
  2 adder skeletons
  2 worms
  3 dart slugs
  8 leopard geckos
  41 orcs
  6 bats
  5 giant cockroaches
  9 goblins
  7 hobgoblins
  5 jackals
  4 quokkas
  3 ball pythons
  4 frilled lizards
  6 kobolds
  4 quokka skeletons
  2 rats
  A plant (D:2)
230 creatures vanquished.

Vanquished Creatures (others)
  A sky beast (D:5)
  A necrophage (D:5)
  2 jellies (D:5)
  A gnoll shaman (D:5)
  A worker ant (D:5)
  2 orcs (D:5)
  A ball python (D:5)
  3 bushes (D:9)
  9 fungi (D:9)
  13 plants (D:9)
34 creatures vanquished.

Grand Total: 264 creatures vanquished

Notes
Turn   | Place    | Note
-------+----------+-------------------------------------------
     0 | D:1      | waar the Troll Berserker began the quest for the Orb.
     0 | D:1      | Reached XP level 1. HP: 22/22 MP: 0/0
   106 | D:1      | Reached XP level 2. HP: 24/29 MP: 1/1
   701 | D:2      | Reached XP level 3. HP: 33/36 MP: 2/2
   807 | D:2      | Reached ** piety under Trog
   982 | D:2      | Noticed Terence
   988 | D:2      | Killed Terence
   988 | D:2      | Reached skill level 4 in Unarmed Combat
   988 | D:2      | Reached XP level 4. HP: 43/45 MP: 3/3
  1110 | D:2      | Reached XP level 5. HP: 37/53 MP: 4/4
  1491 | D:3      | Found an iron altar of Okawaru.
  1561 | D:3      | Noticed Sigmund
  1579 | D:3      | Killed Sigmund
  1579 | D:3      | Reached skill level 1 in Throwing
  1579 | D:3      | Reached skill level 5 in Unarmed Combat
  1579 | D:3      | Reached XP level 6. HP: 61/61 MP: 5/5
  1709 | D:3      | Found a sparkling altar of Nemelex Xobeh.
  1800 | D:3      | Reached *** piety under Trog
  1824 | D:3      | Noticed chorionicmirror's ghost (amateur GnWn)
  1834 | D:3      | Killed chorionicmirror's ghost
  1903 | D:3      | Reached XP level 7. HP: 67/67 MP: 6/6
  2281 | D:3      | Found a snail-covered altar of Cheibriados.
  2282 | D:3      | Found an ancient bone altar of Kikubaaqudgha.
  2321 | D:3      | Found a hazy altar of Hepliaklqana.
  2357 | D:4      | Found a staircase to the Ecumenical Temple.
  2362 | Temple   | Entered the Ecumenical Temple
  2539 | D:4      | Reached skill level 1 in Stealth
  2539 | D:4      | Reached skill level 6 in Unarmed Combat
  2893 | D:3      | Reached skill level 7 in Unarmed Combat
  3023 | D:4      | Reached XP level 8. HP: 72/78 MP: 7/7
  3165 | D:5      | Entered Level 5 of the Dungeon
  3165 | D:5      | Found Qowiedo's Weapon Emporium.
  3216 | D:5      | Reached skill level 8 in Unarmed Combat
  3269 | D:5      | Found a shimmering altar of Xom.
  3597 | D:5      | Found a shadowy altar of Dithmenos.
  3877 | D:6      | Reached **** piety under Trog
  3881 | D:6      | Reached skill level 9 in Unarmed Combat
  3905 | D:6      | Reached skill level 5 in Dodging
  4025 | D:6      | Found a burning altar of Makhleb.
  4025 | D:6      | Found a shimmering altar of Xom.
  4076 | D:6      | Reached XP level 9. HP: 84/85 MP: 8/8
  4537 | D:7      | Reached skill level 5 in Fighting
  4626 | D:7      | Noticed zuik's ghost (novice GrBe)
  4641 | D:7      | Killed zuik's ghost
  4641 | D:7      | Reached skill level 10 in Unarmed Combat
  5323 | D:8      | Reached skill level 11 in Unarmed Combat
  5509 | D:8      | Reached XP level 10. HP: 95/96 MP: 9/9
  5714 | D:8      | Found a basalt altar of Yredelemnul.
  5920 | D:9      | Received a gift from Trog
  6201 | D:9      | Reached ***** piety under Trog
  6322 | D:9      | Found a staircase to the Lair.
  6508 | D:9      | Noticed Grum
  6513 | D:9      | Reached skill level 12 in Unarmed Combat
  6517 | D:9      | HP: 3/147 [Grum/enchanted spear (14)]
  6519 | D:9      | Mangled by Grum

Skill      XL: |  1  2  3  4  5  6  7  8  9 10 |
---------------+-------------------------------+-----
Dodging        | 3 4 5 6 7 |  7.0
Fighting       | 3 4 5 6 |  6.1
Unarmed Combat | 4 5 7 9 11 12 | 12.0
Throwing       | 1 3 |  3.0
Stealth        | 1 |  1.0

Action                   |  1- 3 |  4- 6 |  7- 9 | 10-12 || total
-------------------------+-------+-------+-------+-------++-------
Melee: Unarmed           |    88 |   115 |   290 |   122 ||   615
       Punch             |     1 |     2 |    19 |     7 ||    29
Throw: Stone             |    28 |    24 |   131 |    36 ||   219
       Tomahawk          |       |       |       |    10 ||    10
Invok: Trog's Hand       |       |     2 |     5 |     2 ||     9
       Berserk           |       |     1 |     4 |     2 ||     7
       Burn Spellbooks   |       |       |     1 |     1 ||     2
  Use: Scroll            |       |       |     8 |     1 ||     9
 Stab: Sleeping          |     1 |       |     7 |       ||     8
  Eat: Chunk             |    15 |     9 |    38 |    19 ||    81
Armor: Animal skin       |    33 |    15 |    58 |       ||   106
       Robe              |       |       |       |    16 ||    16
Dodge: Dodged            |    37 |    44 |   127 |    66 ||   274
